cohdb
Replays
Latest Replays
All Replays
Popular Replays
Top Player Replays
Match Explorer
How It Works
Community
CoH3 Stats
Reddit
Sign in to upload your games and track your stats! →
Sign in with Steam
Match 36535900
Unlisted
Match 36535900
Overview
Messages
Build Orders
End
Panzergrenadier Squad
250 Light Carrier
Panzergrenadier Squad
Construct Light Support Kompanie
MG34 Team
Panzerjäger Mechanized Group
Fire Support Elements
Selects Italian Infantry
Selects Guastatori Squad
Guastatori Squad
Construct Panzerarmee Kommand
Atteges
Let me boom
OMJimas
Zebra
0
0
Comments
sign in to comment!
No comments posted yet!